[ PARTIDA AOE2 · #484675733 ]
UnrankedTurcos vs Saracens
[ ANÁLISIS DE REPETICIÓN · EXTRAÍDO DE LA PARTIDA GRABADA ]
Feudal
13:31
Castillos
17:11
Imperial
22:58
| APM promedio | 39.5 |
| APM pico | 84 |
| eAPM promedio | 16.5 |
| Aldeanos / militares | 52 / 10 |
Foco
⚔️ 11.8% · 🌾 88.2%
Janissary ×9 · Mangonel ×1
Feudal
9:42
Castillos
13:12
Imperial
—
| APM promedio | 34.2 |
| APM pico | 96 |
| eAPM promedio | 14.4 |
| Aldeanos / militares | 61 / 8 |
Foco
⚔️ 25.3% · 🌾 74.7%
Camel Scout ×8
Feudal
11:32
Castillos
14:13
Imperial
—
| APM promedio | 30.7 |
| APM pico | 62 |
| eAPM promedio | 13.1 |
| Aldeanos / militares | 69 / 26 |
Foco
⚔️ 29.3% · 🌾 70.7%
Knight ×26
Feudal
9:21
Castillos
15:10
Imperial
—
| APM promedio | 25.6 |
| APM pico | 73 |
| eAPM promedio | 11.3 |
| Aldeanos / militares | 31 / 2 |
Foco
⚔️ 14.6% · 🌾 85.4%
Monk ×1 · Mangonel ×1
Feudal
10:56
Castillos
14:27
Imperial
—
| APM promedio | 23.2 |
| APM pico | 74 |
| eAPM promedio | 11.0 |
| Aldeanos / militares | 74 / 0 |
Foco
⚔️ 1.5% · 🌾 98.5%
Feudal
10:32
Castillos
16:13
Imperial
—
| APM promedio | 16.6 |
| APM pico | 34 |
| eAPM promedio | 9.6 |
| Aldeanos / militares | 54 / 4 |
Foco
⚔️ 6.7% · 🌾 93.3%
War Elephant ×4
Feudal
12:10
Castillos
14:37
Imperial
—
| APM promedio | 32.1 |
| APM pico | 88 |
| eAPM promedio | 15.0 |
| Aldeanos / militares | 55 / 44 |
Foco
⚔️ 25.1% · 🌾 74.9%
Karambit Warrior ×34 · Battering Ram ×8 · Petard ×2
Feudal
9:43
Castillos
13:21
Imperial
—
| APM promedio | 53.1 |
| APM pico | 88 |
| eAPM promedio | 17.2 |
| Aldeanos / militares | 59 / 49 |
Foco
⚔️ 28.7% · 🌾 71.3%
Scorpion ×45 · Battering Ram ×4
Mapa de la partida
Recursos iniciales + cada clic de construcción. Líneas = muros · curvas = relieve. ◆ oro · ⬟ piedra · ● bayas · ✦ reliquia · ◌ hueco del cierre
Tu base· ✓ Cerrada en 17:11 · 0t muro · 3 puerta(s)
Base de ENTP· ✓ Cerrada en 13:12 · 0t muro · 2 puerta(s)
Base de PorT_Lithium· ✓ Cerrada en 14:13 · 0t muro · 3 puerta(s)
Base de TacoLgando· ✓ Cerrada en 15:10 · 0t muro · 3 puerta(s)
Base de 月儿· ✓ Cerrada en 14:27 · 0t muro · 3 puerta(s)
Base de PorT_Oligarva· ✓ Cerrada en 16:13 · 0t muro · 2 puerta(s)
Base de zangoç· ✓ Cerrada en 14:37 · 0t muro · 2 puerta(s)
Base de PorT_Lobo· ✓ Cerrada en 13:21 · 0t muro · 2 puerta(s)
Terreno inicial suavizado · ◌ = hueco del cierre detectado · pasá el cursor para detalles
Inputs por minuto
— PorT_steves - - ENTP
Build order — PorT_steves
110 acciones detectadas en el replay
| 0:03 | Construir | House |
| 0:04 | Crear | Villager (Male) |
| 0:04 | Crear | Villager (Male) |
| 0:04 | Crear | Villager (Male) |
| 0:08 | Crear | Villager (Male) |
| 0:08 | Crear | Villager (Male) |
| 0:26 | Construir | House |
| 0:44 | Construir | House |
| 0:46 | Construir | House |
| 1:31 | Construir | House |
| 1:37 | Crear | Villager (Male) |
| 1:37 | Crear | Villager (Male) |
| 1:38 | Crear | Villager (Male) |
| 2:09 | Crear | Villager (Male) |
| 2:41 | Crear | Villager (Male) |
| 2:41 | Crear | Villager (Male) |
| 3:04 | Crear | Villager (Male) |
| 3:04 | Crear | Villager (Male) |
| 3:41 | Crear | Villager (Male) |
| 3:42 | Crear | Villager (Male) |
| 3:56 | Construir | Lumber Camp |
| 4:08 | Crear | Villager (Male) |
| 4:08 | Crear | Villager (Male) |
| 4:08 | Crear | Villager (Male) |
| 5:03 | Crear | Villager (Male) |
| 5:04 | Crear | Villager (Male) |
| 5:04 | Crear | Villager (Male) |
| 5:15 | Construir | Mill |
| 5:55 | Crear | Villager (Male) |
| 5:56 | Crear | Villager (Male) |
| 5:57 | Crear | Villager (Male) |
| 5:59 | Crear | Villager (Male) |
| 5:59 | Crear | Villager (Male) |
| 6:54 | Crear | Villager (Male) |
| 6:54 | Crear | Villager (Male) |
| 6:55 | Crear | Villager (Male) |
| 7:16 | Construir | Farm |
| 7:16 | Construir | Farm |
| 7:32 | Crear | Villager (Male) |
| 7:32 | Crear | Villager (Male) |
| 7:32 | Crear | Villager (Male) |
| 8:28 | Construir | Farm |
| 8:28 | Construir | Farm |
| 8:29 | Construir | Farm |
| 8:29 | Construir | Farm |
| 8:29 | Construir | Farm |
| 8:29 | Construir | Farm |
| 8:59 | Crear | Villager (Male) |
| 9:00 | Crear | Villager (Male) |
| 9:01 | Crear | Villager (Male) |
| 9:02 | Crear | Villager (Male) |
| 9:02 | Crear | Villager (Male) |
| 9:02 | Crear | Villager (Male) |
| 9:02 | Crear | Villager (Male) |
| 9:03 | Crear | Villager (Male) |
| 9:03 | Crear | Villager (Male) |
| 9:03 | Crear | Villager (Male) |
| 9:04 | Crear | Villager (Male) |
| 9:29 | Construir | Farm |
| 9:59 | Construir | Mining Camp |
| 10:19 | Investigar | Feudal Age |
| 11:26 | Construir | House |
| 11:28 | Construir | House |
| 12:07 | Crear | Villager (Male) |
| 12:08 | Crear | Villager (Male) |
| 12:21 | Construir | Farm |
| 12:59 | Construir | Mining Camp |
| 13:31 | Edad | Edad Feudal |
| 13:36 | Construir | Market |
| 13:42 | Construir | Blacksmith |
| 13:43 | Crear | Villager (Male) |
| 14:21 | Investigar | Double-Bit Axe |
| 14:22 | Investigar | Stone Mining |
| 14:28 | Construir | Farm |
| 14:31 | Investigar | Castle Age |
| 14:59 | Construir | Farm |
| 15:06 | Construir | Farm |
| 15:23 | Construir | Farm |
| 17:11 | Edad | Edad de los Castillos |
| 17:11 | Crear | Villager (Male) |
| 17:12 | Crear | Villager (Male) |
| 17:21 | Construir | House |
| 17:54 | Crear | Villager (Male) |
| 18:27 | Construir | Castle |
| 18:33 | Crear | Villager (Male) |
| 18:33 | Crear | Villager (Male) |
| 19:23 | Crear | Villager (Male) |
| 19:31 | Investigar | Horse Collar |
| 19:48 | Investigar | Imperial Age |
| 19:59 | Construir | Siege Workshop |
| 20:08 | Crear | Janissary |
| 20:08 | Crear | Janissary |
| 20:25 | Construir | Farm |
| 20:31 | Crear | Janissary |
| 20:31 | Crear | Janissary |
| 20:32 | Crear | Janissary |
| 20:49 | Crear | Janissary |
| 20:49 | Crear | Janissary |
| 20:55 | Construir | House |
| 21:01 | Construir | House |
| 21:05 | Construir | House |
| 21:09 | Construir | House |
| 21:20 | Crear | Mangonel |
| 21:39 | Construir | House |
| 21:48 | Construir | House |
| 21:53 | Construir | House |
| 22:52 | Crear | Janissary |
| 22:52 | Crear | Janissary |
| 22:58 | Edad | Edad Imperial |
| 23:37 | Investigar | Town Watch |
Build order — ENTP
116 acciones detectadas en el replay
| 0:02 | Crear | Villager (Male) |
| 0:02 | Crear | Villager (Male) |
| 0:03 | Construir | House |
| 0:04 | Construir | House |
| 0:11 | Crear | Villager (Male) |
| 0:11 | Crear | Villager (Male) |
| 1:30 | Crear | Villager (Male) |
| 1:56 | Construir | Lumber Camp |
| 2:05 | Crear | Villager (Male) |
| 2:07 | Crear | Villager (Male) |
| 2:07 | Crear | Villager (Male) |
| 2:35 | Crear | Villager (Male) |
| 2:58 | Crear | Villager (Male) |
| 3:24 | Crear | Villager (Male) |
| 3:45 | Crear | Villager (Male) |
| 3:59 | Construir | House |
| 4:24 | Crear | Villager (Male) |
| 4:43 | Crear | Villager (Male) |
| 4:43 | Crear | Villager (Male) |
| 4:45 | Construir | Mill |
| 5:12 | Crear | Villager (Male) |
| 5:37 | Crear | Villager (Male) |
| 5:38 | Crear | Villager (Male) |
| 5:39 | Construir | House |
| 6:20 | Crear | Villager (Male) |
| 6:49 | Crear | Villager (Male) |
| 7:31 | Investigar | Feudal Age |
| 8:31 | Crear | Villager (Male) |
| 8:31 | Crear | Villager (Male) |
| 9:42 | Edad | Edad Feudal |
| 9:43 | Construir | Market |
| 9:45 | Construir | Blacksmith |
| 10:30 | Investigar | Castle Age |
| 10:42 | Crear | Villager (Male) |
| 10:52 | Investigar | Double-Bit Axe |
| 11:29 | Crear | Villager (Male) |
| 12:16 | Investigar | Horse Collar |
| 12:28 | Investigar | Horse Collar |
| 12:29 | Crear | Villager (Male) |
| 13:01 | Construir | Farm |
| 13:02 | Construir | Farm |
| 13:12 | Edad | Edad de los Castillos |
| 13:14 | Construir | Town Center |
| 13:15 | Investigar | Bow Saw |
| 13:24 | Construir | Town Center |
| 13:25 | Crear | Villager (Male) |
| 13:34 | Construir | House |
| 13:39 | Investigar | Town Watch |
| 14:00 | Crear | Villager (Male) |
| 14:03 | Construir | Farm |
| 14:17 | Crear | Villager (Male) |
| 14:33 | Construir | Farm |
| 14:34 | Construir | Farm |
| 15:01 | Construir | Farm |
| 15:16 | Crear | Villager (Male) |
| 15:17 | Crear | Villager (Male) |
| 15:17 | Crear | Villager (Male) |
| 15:17 | Crear | Villager (Male) |
| 15:21 | Construir | Farm |
| 15:27 | Construir | Farm |
| 15:27 | Construir | Farm |
| 15:33 | Construir | House |
| 15:44 | Construir | Farm |
| 15:45 | Crear | Villager (Male) |
| 15:46 | Crear | Villager (Male) |
| 16:01 | Construir | Farm |
| 16:09 | Crear | Villager (Male) |
| 16:11 | Construir | Farm |
| 16:12 | Construir | House |
| 16:22 | Construir | Farm |
| 16:23 | Crear | Villager (Male) |
| 16:23 | Crear | Villager (Male) |
| 16:23 | Crear | Villager (Male) |
| 16:24 | Crear | Villager (Male) |
| 16:24 | Crear | Villager (Male) |
| 16:34 | Crear | Villager (Male) |
| 16:49 | Crear | Villager (Male) |
| 16:55 | Construir | Barracks |
| 17:18 | Crear | Villager (Male) |
| 17:18 | Crear | Villager (Male) |
| 17:18 | Crear | Villager (Male) |
| 17:36 | Construir | Stable |
| 17:37 | Crear | Villager (Male) |
| 17:42 | Crear | Villager (Male) |
| 17:42 | Crear | Villager (Male) |
| 17:46 | Construir | Farm |
| 17:50 | Crear | Villager (Male) |
| 17:50 | Crear | Villager (Male) |
| 18:13 | Construir | Stable |
| 18:14 | Crear | Camel Scout |
| 18:20 | Construir | Farm |
| 18:30 | Crear | Villager (Male) |
| 18:30 | Crear | Villager (Male) |
| 18:35 | Crear | Camel Scout |
| 18:44 | Crear | Villager (Male) |
| 18:44 | Crear | Villager (Male) |
| 18:44 | Crear | Villager (Male) |
| 18:54 | Crear | Villager (Male) |
| 18:54 | Crear | Villager (Male) |
| 19:00 | Construir | Farm |
| 19:01 | Construir | Farm |
| 19:03 | Construir | Farm |
| 19:05 | Construir | House |
| 19:06 | Construir | House |
| 19:11 | Crear | Villager (Male) |
| 19:14 | Crear | Camel Scout |
| 19:14 | Crear | Camel Scout |
| 19:17 | Construir | Farm |
| 19:24 | Crear | Camel Scout |
| 19:41 | Crear | Villager (Male) |
| 19:41 | Crear | Villager (Male) |
| 20:10 | Crear | Camel Scout |
| 20:10 | Crear | Camel Scout |
| 20:11 | Crear | Camel Scout |
| 20:18 | Crear | Villager (Male) |
| 20:21 | Construir | Farm |
Build order — PorT_Lithium
Primeras 150 de 153 acciones detectadas
| 0:02 | Crear | Villager (Male) |
| 0:02 | Crear | Villager (Male) |
| 0:03 | Crear | Villager (Male) |
| 0:03 | Crear | Villager (Male) |
| 0:03 | Crear | Villager (Male) |
| 0:05 | Construir | House |
| 0:07 | Construir | House |
| 1:30 | Crear | Villager (Male) |
| 1:30 | Crear | Villager (Male) |
| 1:51 | Construir | Lumber Camp |
| 1:53 | Crear | Villager (Male) |
| 2:35 | Crear | Villager (Male) |
| 2:40 | Crear | Villager (Male) |
| 2:40 | Crear | Villager (Male) |
| 3:28 | Crear | Villager (Male) |
| 3:28 | Crear | Villager (Male) |
| 3:36 | Construir | House |
| 3:37 | Construir | House |
| 3:46 | Crear | Villager (Male) |
| 3:47 | Crear | Villager (Male) |
| 4:14 | Construir | Mill |
| 4:17 | Crear | Villager (Male) |
| 5:12 | Crear | Villager (Male) |
| 5:34 | Crear | Villager (Male) |
| 5:41 | Crear | Villager (Male) |
| 5:42 | Crear | Villager (Male) |
| 5:49 | Crear | Villager (Male) |
| 6:14 | Crear | Villager (Male) |
| 6:14 | Crear | Villager (Male) |
| 6:24 | Crear | Villager (Male) |
| 6:24 | Crear | Villager (Male) |
| 6:30 | Crear | Villager (Male) |
| 6:30 | Crear | Villager (Male) |
| 6:41 | Crear | Villager (Male) |
| 6:42 | Crear | Villager (Male) |
| 7:01 | Construir | Farm |
| 7:05 | Construir | Farm |
| 7:07 | Construir | Farm |
| 7:08 | Crear | Villager (Male) |
| 7:08 | Crear | Villager (Male) |
| 7:44 | Crear | Villager (Male) |
| 8:02 | Crear | Villager (Male) |
| 8:03 | Crear | Villager (Male) |
| 8:06 | Crear | Villager (Male) |
| 8:10 | Construir | House |
| 8:11 | Crear | Villager (Male) |
| 8:25 | Crear | Villager (Male) |
| 8:35 | Crear | Villager (Male) |
| 8:40 | Construir | Mining Camp |
| 9:08 | Investigar | Feudal Age |
| 11:32 | Edad | Edad Feudal |
| 11:33 | Investigar | Castle Age |
| 11:48 | Investigar | Double-Bit Axe |
| 12:08 | Construir | Stable |
| 12:17 | Investigar | Horse Collar |
| 13:55 | Construir | Farm |
| 13:59 | Construir | Farm |
| 14:01 | Construir | Farm |
| 14:04 | Construir | Farm |
| 14:06 | Construir | Farm |
| 14:08 | Construir | Farm |
| 14:13 | Construir | Farm |
| 14:13 | Edad | Edad de los Castillos |
| 14:18 | Crear | Knight |
| 14:19 | Crear | Knight |
| 14:29 | Crear | Villager (Male) |
| 14:36 | Investigar | Bow Saw |
| 14:38 | Investigar | Heavy Plow |
| 15:03 | Crear | Knight |
| 15:18 | Construir | House |
| 15:19 | Construir | House |
| 15:28 | Crear | Knight |
| 15:31 | Crear | Villager (Male) |
| 15:31 | Crear | Villager (Male) |
| 15:37 | Crear | Villager (Male) |
| 15:41 | Investigar | Gold Mining |
| 16:30 | Crear | Knight |
| 16:31 | Crear | Knight |
| 16:33 | Crear | Villager (Male) |
| 16:33 | Crear | Villager (Male) |
| 16:33 | Crear | Villager (Male) |
| 16:34 | Crear | Villager (Male) |
| 16:41 | Construir | Farm |
| 16:49 | Crear | Knight |
| 17:40 | Crear | Villager (Male) |
| 17:41 | Crear | Villager (Male) |
| 17:42 | Crear | Knight |
| 17:44 | Crear | Villager (Male) |
| 18:06 | Crear | Knight |
| 18:06 | Crear | Knight |
| 18:07 | Crear | Villager (Male) |
| 18:07 | Crear | Villager (Male) |
| 18:33 | Crear | Villager (Male) |
| 18:33 | Crear | Villager (Male) |
| 18:35 | Crear | Knight |
| 18:35 | Crear | Knight |
| 18:35 | Crear | Knight |
| 18:36 | Crear | Villager (Male) |
| 18:36 | Crear | Villager (Male) |
| 18:52 | Crear | Knight |
| 18:52 | Crear | Knight |
| 19:06 | Construir | Blacksmith |
| 19:09 | Crear | Villager (Male) |
| 19:10 | Crear | Villager (Male) |
| 19:14 | Construir | Farm |
| 19:14 | Construir | Farm |
| 19:15 | Construir | Farm |
| 19:16 | Construir | Farm |
| 19:17 | Construir | Farm |
| 19:17 | Construir | Farm |
| 19:18 | Construir | Farm |
| 19:19 | Crear | Villager (Male) |
| 19:23 | Construir | House |
| 19:23 | Construir | House |
| 19:25 | Construir | House |
| 19:44 | Crear | Knight |
| 19:52 | Crear | Villager (Male) |
| 20:16 | Crear | Knight |
| 20:16 | Crear | Knight |
| 20:20 | Construir | House |
| 20:21 | Construir | House |
| 20:23 | Construir | House |
| 20:24 | Construir | House |
| 20:25 | Crear | Villager (Male) |
| 20:25 | Crear | Villager (Male) |
| 21:26 | Crear | Knight |
| 21:26 | Crear | Knight |
| 21:36 | Crear | Villager (Male) |
| 21:37 | Crear | Villager (Male) |
| 21:37 | Crear | Villager (Male) |
| 21:46 | Construir | Stable |
| 22:15 | Crear | Knight |
| 22:16 | Crear | Knight |
| 22:16 | Crear | Villager (Male) |
| 22:17 | Crear | Villager (Male) |
| 22:24 | Construir | Farm |
| 22:25 | Construir | Farm |
| 22:26 | Construir | Farm |
| 22:27 | Construir | Farm |
| 22:30 | Construir | Farm |
| 22:31 | Construir | Farm |
| 22:32 | Investigar | Scale Barding Armor |
| 22:32 | Investigar | Forging |
| 22:37 | Construir | House |
| 22:39 | Construir | House |
| 22:40 | Construir | House |
| 22:42 | Crear | Knight |
| 22:46 | Crear | Villager (Male) |
| 22:46 | Crear | Villager (Male) |
| 23:38 | Crear | Knight |
Build order — TacoLgando
77 acciones detectadas en el replay
| 0:01 | Crear | Villager (Male) |
| 0:02 | Crear | Villager (Male) |
| 0:03 | Construir | House |
| 0:04 | Construir | House |
| 0:10 | Crear | Villager (Male) |
| 0:10 | Crear | Villager (Male) |
| 1:00 | Investigar | Loom |
| 1:35 | Crear | Villager (Male) |
| 2:00 | Crear | Villager (Male) |
| 2:32 | Crear | Villager (Male) |
| 2:33 | Crear | Villager (Male) |
| 2:33 | Crear | Villager (Male) |
| 3:25 | Crear | Villager (Male) |
| 3:27 | Crear | Villager (Male) |
| 3:27 | Crear | Villager (Male) |
| 3:52 | Construir | House |
| 3:53 | Construir | House |
| 4:17 | Crear | Villager (Male) |
| 4:42 | Crear | Villager (Male) |
| 5:01 | Crear | Villager (Male) |
| 5:55 | Crear | Villager (Male) |
| 6:19 | Crear | Villager (Male) |
| 6:24 | Construir | Lumber Camp |
| 6:46 | Crear | Villager (Male) |
| 7:07 | Investigar | Feudal Age |
| 7:14 | Construir | Mill |
| 9:01 | Construir | Mining Camp |
| 9:09 | Crear | Villager (Male) |
| 9:21 | Edad | Edad Feudal |
| 9:49 | Crear | Villager (Male) |
| 10:02 | Construir | House |
| 10:14 | Crear | Villager (Male) |
| 10:16 | Construir | Farm |
| 10:22 | Construir | Farm |
| 10:24 | Construir | Farm |
| 10:38 | Crear | Villager (Male) |
| 10:40 | Construir | Farm |
| 11:00 | Construir | Farm |
| 11:03 | Crear | Villager (Male) |
| 11:24 | Construir | Farm |
| 11:28 | Crear | Villager (Male) |
| 11:37 | Construir | Farm |
| 11:49 | Construir | House |
| 11:57 | Construir | House |
| 12:00 | Construir | House |
| 12:03 | Crear | Villager (Male) |
| 12:12 | Construir | Farm |
| 12:21 | Construir | House |
| 12:30 | Investigar | Castle Age |
| 12:52 | Investigar | Double-Bit Axe |
| 13:33 | Construir | Mining Camp |
| 13:47 | Crear | Villager (Male) |
| 14:21 | Construir | Outpost |
| 14:46 | Investigar | Town Watch |
| 14:59 | Crear | Villager (Male) |
| 15:09 | Investigar | Loom |
| 15:10 | Edad | Edad de los Castillos |
| 15:17 | Construir | Monastery |
| 15:23 | Crear | Villager (Male) |
| 15:37 | Construir | Town Center |
| 15:58 | Construir | Siege Workshop |
| 16:07 | Construir | Stone Wall |
| 16:18 | Crear | Monk |
| 16:20 | Crear | Villager (Male) |
| 16:32 | Crear | Mangonel |
| 16:41 | Construir | Stone Wall |
| 16:52 | Construir | Stone Wall |
| 16:58 | Construir | Stone Wall |
| 17:02 | Crear | Villager (Male) |
| 17:04 | Crear | Villager (Male) |
| 17:43 | Construir | House |
| 17:45 | Construir | House |
| 17:46 | Construir | House |
| 18:07 | Construir | House |
| 18:11 | Construir | Palisade Wall |
| 18:13 | Construir | Palisade Wall |
| 18:14 | Construir | Palisade Wall |
Build order — 月儿
125 acciones detectadas en el replay
| 0:01 | Crear | Villager (Male) |
| 0:02 | Crear | Villager (Male) |
| 0:04 | Construir | House |
| 0:06 | Construir | House |
| 0:22 | Crear | Villager (Male) |
| 0:22 | Crear | Villager (Male) |
| 0:23 | Crear | Villager (Male) |
| 1:23 | Crear | Villager (Male) |
| 1:49 | Crear | Villager (Male) |
| 2:31 | Crear | Villager (Male) |
| 2:31 | Crear | Villager (Male) |
| 2:32 | Crear | Villager (Male) |
| 2:56 | Crear | Villager (Male) |
| 2:57 | Crear | Villager (Male) |
| 3:01 | Construir | Lumber Camp |
| 3:27 | Crear | Villager (Male) |
| 3:32 | Construir | House |
| 3:34 | Construir | House |
| 3:38 | Construir | House |
| 3:52 | Crear | Villager (Male) |
| 3:53 | Crear | Villager (Male) |
| 3:53 | Crear | Villager (Male) |
| 4:30 | Crear | Villager (Male) |
| 4:30 | Crear | Villager (Male) |
| 5:04 | Crear | Villager (Male) |
| 5:04 | Crear | Villager (Male) |
| 5:35 | Construir | Mill |
| 5:41 | Crear | Villager (Male) |
| 5:41 | Crear | Villager (Male) |
| 5:45 | Crear | Villager (Male) |
| 6:20 | Crear | Villager (Male) |
| 6:21 | Crear | Villager (Male) |
| 6:21 | Crear | Villager (Male) |
| 7:41 | Construir | Mining Camp |
| 7:44 | Crear | Villager (Male) |
| 7:45 | Crear | Villager (Male) |
| 8:27 | Crear | Villager (Male) |
| 8:34 | Investigar | Feudal Age |
| 8:55 | Construir | Farm |
| 8:59 | Construir | Farm |
| 9:21 | Crear | Villager (Male) |
| 9:21 | Crear | Villager (Male) |
| 10:30 | Construir | Lumber Camp |
| 10:56 | Edad | Edad Feudal |
| 10:59 | Construir | Market |
| 11:01 | Construir | Blacksmith |
| 11:38 | Investigar | Double-Bit Axe |
| 11:46 | Investigar | Castle Age |
| 12:00 | Investigar | Horse Collar |
| 12:17 | Construir | Lumber Camp |
| 13:08 | Construir | Farm |
| 13:15 | Construir | House |
| 13:16 | Construir | House |
| 13:18 | Crear | Villager (Male) |
| 13:18 | Crear | Villager (Male) |
| 14:27 | Edad | Edad de los Castillos |
| 14:29 | Construir | Town Center |
| 14:36 | Construir | Town Center |
| 14:39 | Crear | Villager (Male) |
| 14:42 | Construir | Farm |
| 14:53 | Investigar | Bow Saw |
| 15:02 | Construir | Farm |
| 15:13 | Construir | House |
| 15:14 | Construir | House |
| 15:16 | Crear | Villager (Male) |
| 15:35 | Construir | Farm |
| 15:36 | Construir | Farm |
| 15:37 | Construir | Farm |
| 15:38 | Construir | Farm |
| 15:39 | Construir | Farm |
| 15:42 | Crear | Villager (Male) |
| 15:46 | Crear | Villager (Male) |
| 15:46 | Crear | Villager (Male) |
| 15:54 | Construir | Farm |
| 16:01 | Construir | Farm |
| 16:05 | Crear | Villager (Male) |
| 16:10 | Crear | Villager (Male) |
| 16:16 | Construir | Farm |
| 16:37 | Construir | Farm |
| 16:41 | Crear | Villager (Male) ×2 |
| 16:45 | Construir | House |
| 16:47 | Construir | House |
| 16:54 | Construir | Farm |
| 16:57 | Construir | Farm |
| 17:03 | Construir | Farm |
| 17:04 | Construir | Farm |
| 17:09 | Crear | Villager (Male) |
| 17:15 | Construir | Farm |
| 17:19 | Construir | Farm |
| 17:22 | Crear | Villager (Male) ×2 |
| 17:34 | Investigar | Loom |
| 17:40 | Construir | Farm |
| 17:41 | Construir | Farm |
| 17:48 | Construir | Farm |
| 17:51 | Crear | Villager (Male) ×2 |
| 17:52 | Crear | Villager (Male) ×2 |
| 17:59 | Construir | House |
| 18:00 | Construir | House |
| 18:03 | Crear | Villager (Male) |
| 18:14 | Construir | Mill |
| 18:16 | Construir | Farm |
| 18:20 | Crear | Villager (Male) ×2 |
| 18:27 | Construir | Farm |
| 18:30 | Crear | Villager (Male) ×2 |
| 18:35 | Construir | House |
| 18:39 | Crear | Villager (Male) |
| 18:53 | Crear | Villager (Male) ×2 |
| 19:00 | Construir | Farm |
| 19:00 | Construir | Farm |
| 19:02 | Construir | Farm |
| 19:14 | Crear | Villager (Male) ×3 |
| 19:35 | Construir | House |
| 19:36 | Construir | House |
| 19:39 | Crear | Villager (Male) |
| 19:43 | Crear | Villager (Male) |
| 19:43 | Crear | Villager (Male) |
| 19:51 | Construir | Town Center |
| 19:55 | Crear | Villager (Male) |
| 20:06 | Investigar | Heavy Plow |
| 20:07 | Investigar | Heavy Plow |
| 20:10 | Crear | Villager (Male) ×2 |
| 20:17 | Construir | House |
| 20:18 | Construir | House |
| 20:28 | Crear | Villager (Male) ×4 |
| 20:29 | Crear | Villager (Male) ×4 |
Build order — PorT_Oligarva
108 acciones detectadas en el replay
| 0:02 | Crear | Villager (Male) |
| 0:02 | Crear | Villager (Male) |
| 0:05 | Construir | House |
| 0:06 | Construir | House |
| 0:09 | Construir | House |
| 0:19 | Crear | Villager (Male) |
| 0:20 | Crear | Villager (Male) |
| 0:26 | Crear | Villager (Male) |
| 1:46 | Crear | Villager (Male) |
| 1:55 | Crear | Villager (Male) |
| 2:34 | Crear | Villager (Male) |
| 2:42 | Crear | Villager (Male) |
| 3:07 | Crear | Villager (Male) |
| 3:15 | Construir | Lumber Camp |
| 3:19 | Construir | House |
| 3:48 | Crear | Villager (Male) |
| 3:49 | Crear | Villager (Male) |
| 4:01 | Crear | Villager (Male) |
| 5:05 | Crear | Villager (Male) |
| 5:28 | Crear | Villager (Male) |
| 5:37 | Crear | Villager (Male) |
| 5:42 | Crear | Villager (Male) |
| 6:25 | Crear | Villager (Male) |
| 6:33 | Crear | Villager (Male) |
| 6:38 | Crear | Villager (Male) |
| 6:40 | Crear | Villager (Male) |
| 7:45 | Construir | Mill |
| 8:28 | Investigar | Feudal Age |
| 8:33 | Construir | Mining Camp |
| 9:23 | Crear | Villager (Male) |
| 9:59 | Construir | House |
| 10:07 | Construir | Farm |
| 10:10 | Construir | Farm |
| 10:13 | Construir | Farm |
| 10:32 | Edad | Edad Feudal |
| 10:38 | Construir | Farm |
| 10:44 | Construir | Farm |
| 11:03 | Crear | Villager (Male) |
| 11:04 | Investigar | Loom |
| 11:11 | Construir | Farm |
| 11:40 | Crear | Villager (Male) |
| 12:09 | Construir | Blacksmith |
| 12:15 | Crear | Villager (Male) |
| 12:17 | Crear | Villager (Male) |
| 13:08 | Construir | Market |
| 13:15 | Crear | Villager (Male) |
| 13:24 | Construir | House |
| 13:47 | Investigar | Castle Age |
| 14:16 | Construir | Mining Camp |
| 14:19 | Investigar | Stone Mining |
| 14:38 | Investigar | Gold Mining |
| 14:41 | Investigar | Double-Bit Axe |
| 15:36 | Construir | House |
| 15:49 | Crear | Villager (Male) |
| 15:52 | Investigar | Horse Collar |
| 16:13 | Edad | Edad de los Castillos |
| 16:37 | Crear | Villager (Male) |
| 16:40 | Construir | Farm |
| 16:46 | Crear | Villager (Male) |
| 16:55 | Construir | Town Center |
| 16:59 | Crear | Villager (Male) |
| 17:03 | Construir | Farm |
| 17:32 | Crear | Villager (Male) |
| 17:34 | Construir | Farm |
| 17:41 | Crear | Villager (Male) |
| 17:42 | Crear | Villager (Male) |
| 17:56 | Crear | Villager (Male) |
| 18:12 | Construir | Farm |
| 18:14 | Crear | Villager (Male) |
| 18:17 | Crear | Villager (Male) |
| 19:01 | Construir | Castle |
| 19:11 | Construir | Castle |
| 19:17 | Crear | Villager (Male) |
| 19:17 | Crear | Villager (Male) |
| 19:22 | Crear | Villager (Male) |
| 19:23 | Crear | Villager (Male) |
| 19:57 | Construir | Town Center |
| 20:21 | Crear | Villager (Male) |
| 20:21 | Crear | Villager (Male) |
| 20:43 | Crear | Villager (Male) |
| 20:43 | Crear | Villager (Male) |
| 20:44 | Crear | Villager (Male) |
| 20:44 | Crear | Villager (Male) |
| 20:56 | Construir | Farm |
| 21:01 | Construir | Farm |
| 21:07 | Construir | Farm |
| 21:09 | Construir | Farm |
| 21:12 | Crear | Villager (Male) |
| 21:13 | Crear | Villager (Male) |
| 21:13 | Crear | Villager (Male) |
| 21:16 | Construir | Farm |
| 21:29 | Crear | Villager (Male) |
| 21:29 | Crear | Villager (Male) |
| 21:31 | Construir | Farm |
| 21:45 | Construir | Farm |
| 21:47 | Construir | Farm |
| 21:49 | Construir | Farm |
| 21:53 | Construir | Farm |
| 21:59 | Crear | War Elephant |
| 22:12 | Construir | Farm |
| 22:15 | Construir | Farm |
| 22:20 | Construir | Farm |
| 22:29 | Crear | War Elephant |
| 23:00 | Crear | War Elephant |
| 23:27 | Crear | War Elephant |
| 23:33 | Crear | Villager (Male) |
| 23:34 | Crear | Villager (Male) |
| 23:37 | Construir | Farm |
Build order — zangoç
126 acciones detectadas en el replay
| 0:02 | Crear | Villager (Male) |
| 0:02 | Crear | Villager (Male) |
| 0:03 | Construir | House |
| 0:05 | Construir | House |
| 0:11 | Crear | Villager (Male) |
| 0:11 | Crear | Villager (Male) |
| 0:12 | Crear | Villager (Male) |
| 1:28 | Crear | Villager (Male) |
| 1:28 | Crear | Villager (Male) |
| 1:50 | Crear | Villager (Male) |
| 1:50 | Crear | Villager (Male) |
| 1:50 | Crear | Villager (Male) |
| 2:13 | Crear | Villager (Male) |
| 2:13 | Crear | Villager (Male) |
| 2:51 | Crear | Villager (Male) |
| 2:51 | Crear | Villager (Male) |
| 2:51 | Crear | Villager (Male) |
| 2:52 | Crear | Villager (Male) |
| 2:57 | Construir | Lumber Camp |
| 3:32 | Crear | Villager (Male) |
| 3:53 | Construir | House |
| 4:05 | Crear | Villager (Male) |
| 4:05 | Crear | Villager (Male) |
| 4:05 | Crear | Villager (Male) |
| 4:28 | Crear | Villager (Male) |
| 4:29 | Crear | Villager (Male) |
| 4:31 | Construir | House |
| 4:32 | Construir | House |
| 5:15 | Crear | Villager (Male) |
| 5:16 | Crear | Villager (Male) |
| 6:01 | Crear | Villager (Male) |
| 6:01 | Crear | Villager (Male) |
| 6:01 | Crear | Villager (Male) |
| 6:24 | Construir | Mill |
| 7:32 | Crear | Villager (Male) |
| 7:42 | Construir | Lumber Camp |
| 7:51 | Crear | Villager (Male) |
| 8:03 | Crear | Villager (Male) |
| 8:28 | Construir | Mining Camp |
| 8:32 | Crear | Villager (Male) |
| 8:54 | Crear | Villager (Male) |
| 9:03 | Construir | Farm |
| 9:06 | Construir | Farm |
| 9:20 | Construir | Farm |
| 9:26 | Crear | Villager (Male) |
| 9:45 | Crear | Villager (Male) |
| 10:10 | Construir | Mining Camp |
| 10:13 | Crear | Villager (Male) |
| 10:33 | Investigar | Feudal Age |
| 10:37 | Construir | House |
| 11:14 | Crear | Villager (Male) |
| 11:42 | Construir | Farm |
| 12:10 | Edad | Edad Feudal |
| 12:15 | Construir | Market |
| 12:22 | Construir | Blacksmith |
| 12:33 | Crear | Villager (Male) |
| 13:01 | Investigar | Castle Age |
| 13:02 | Investigar | Castle Age |
| 13:02 | Investigar | Castle Age |
| 13:05 | Investigar | Double-Bit Axe |
| 13:37 | Investigar | Horse Collar |
| 14:06 | Construir | Farm |
| 14:27 | Construir | House |
| 14:37 | Edad | Edad de los Castillos |
| 14:45 | Construir | Castle |
| 14:46 | Crear | Villager (Male) |
| 14:56 | Construir | Siege Workshop |
| 15:05 | Crear | Villager (Male) |
| 15:16 | Investigar | Bow Saw |
| 15:20 | Crear | Villager (Male) |
| 15:26 | Construir | Farm |
| 15:44 | Construir | Farm |
| 16:04 | Crear | Villager (Male) |
| 16:09 | Crear | Karambit Warrior |
| 16:09 | Crear | Karambit Warrior |
| 16:13 | Construir | Farm |
| 16:24 | Construir | Farm |
| 16:30 | Crear | Karambit Warrior |
| 16:46 | Crear | Battering Ram |
| 16:49 | Crear | Villager (Male) |
| 16:51 | Construir | Farm |
| 16:56 | Crear | Villager (Male) |
| 17:05 | Crear | Karambit Warrior |
| 17:06 | Crear | Karambit Warrior |
| 17:06 | Crear | Karambit Warrior |
| 17:14 | Crear | Battering Ram |
| 17:16 | Crear | Villager (Male) |
| 17:25 | Construir | Farm |
| 17:31 | Construir | Farm |
| 17:49 | Crear | Karambit Warrior |
| 17:49 | Crear | Karambit Warrior |
| 17:53 | Crear | Battering Ram |
| 17:54 | Crear | Battering Ram |
| 18:04 | Crear | Villager (Male) |
| 18:04 | Crear | Villager (Male) |
| 18:04 | Crear | Villager (Male) |
| 18:18 | Crear | Karambit Warrior |
| 18:20 | Crear | Villager (Male) |
| 18:26 | Construir | House |
| 18:27 | Construir | House |
| 18:29 | Construir | House |
| 18:37 | Crear | Battering Ram |
| 19:01 | Crear | Karambit Warrior |
| 19:01 | Crear | Karambit Warrior |
| 19:05 | Investigar | Forging |
| 19:24 | Crear | Petard |
| 19:24 | Crear | Petard |
| 19:36 | Crear | Battering Ram |
| 19:42 | Crear | Villager (Male) |
| 19:48 | Construir | Farm |
| 19:55 | Crear | Villager (Male) |
| 20:09 | Crear | Karambit Warrior |
| 20:10 | Crear | Karambit Warrior |
| 20:10 | Crear | Karambit Warrior |
| 20:24 | Construir | Barracks |
| 20:49 | Crear | Karambit Warrior ×5 |
| 20:50 | Crear | Karambit Warrior ×5 |
| 21:17 | Crear | Villager (Male) |
| 21:17 | Crear | Villager (Male) |
| 21:18 | Crear | Villager (Male) |
| 21:36 | Crear | Battering Ram |
| 21:37 | Crear | Battering Ram |
| 22:08 | Crear | Villager (Male) |
| 22:09 | Crear | Villager (Male) |
| 22:39 | Crear | Karambit Warrior ×5 |
| 22:39 | Crear | Karambit Warrior ×5 |
Build order — PorT_Lobo
148 acciones detectadas en el replay
| 0:02 | Crear | Villager (Male) |
| 0:02 | Crear | Villager (Male) |
| 0:03 | Crear | Villager (Male) |
| 0:03 | Crear | Villager (Male) |
| 0:03 | Crear | Villager (Male) |
| 0:03 | Crear | Villager (Male) |
| 0:05 | Construir | House |
| 0:06 | Construir | House |
| 1:30 | Crear | Villager (Male) |
| 1:30 | Crear | Villager (Male) |
| 1:55 | Construir | Lumber Camp |
| 2:06 | Crear | Villager (Male) |
| 2:06 | Crear | Villager (Male) |
| 2:06 | Crear | Villager (Male) |
| 2:23 | Crear | Villager (Male) |
| 2:23 | Crear | Villager (Male) |
| 2:57 | Crear | Villager (Male) |
| 2:58 | Crear | Villager (Male) |
| 3:31 | Construir | House |
| 3:37 | Crear | Villager (Male) |
| 3:37 | Crear | Villager (Male) |
| 3:42 | Crear | Villager (Male) |
| 3:42 | Crear | Villager (Male) |
| 4:03 | Construir | House |
| 4:11 | Crear | Villager (Male) |
| 4:23 | Crear | Villager (Male) |
| 4:23 | Crear | Villager (Male) |
| 5:09 | Construir | Mill |
| 5:53 | Crear | Villager (Male) |
| 5:54 | Crear | Villager (Male) |
| 5:54 | Crear | Villager (Male) |
| 5:56 | Crear | Villager (Male) |
| 5:57 | Crear | Villager (Male) |
| 5:57 | Crear | Villager (Male) |
| 5:57 | Crear | Villager (Male) |
| 6:07 | Construir | Farm |
| 6:29 | Crear | Villager (Male) |
| 6:30 | Crear | Villager (Male) |
| 6:30 | Crear | Villager (Male) |
| 7:33 | Investigar | Feudal Age |
| 9:41 | Crear | Villager (Male) |
| 9:43 | Edad | Edad Feudal |
| 9:47 | Construir | Market |
| 9:52 | Construir | Blacksmith |
| 10:08 | Crear | Villager (Male) |
| 10:41 | Investigar | Castle Age |
| 11:14 | Investigar | Double-Bit Axe |
| 11:23 | Construir | House |
| 11:33 | Construir | Mining Camp |
| 13:21 | Edad | Edad de los Castillos |
| 13:25 | Construir | Siege Workshop |
| 13:29 | Construir | Siege Workshop |
| 13:33 | Crear | Villager (Male) |
| 13:37 | Crear | Villager (Male) |
| 13:38 | Crear | Villager (Male) |
| 14:12 | Crear | Battering Ram |
| 14:15 | Crear | Scorpion |
| 14:17 | Construir | House |
| 14:26 | Crear | Battering Ram |
| 14:29 | Crear | Scorpion |
| 14:30 | Crear | Villager (Male) |
| 14:48 | Construir | Farm |
| 14:51 | Construir | House |
| 15:02 | Crear | Scorpion |
| 15:02 | Crear | Scorpion |
| 15:03 | Crear | Villager (Male) |
| 15:33 | Crear | Scorpion |
| 15:33 | Crear | Scorpion |
| 15:34 | Crear | Villager (Male) |
| 15:34 | Crear | Villager (Male) |
| 15:37 | Construir | House |
| 15:53 | Crear | Scorpion |
| 15:53 | Crear | Scorpion |
| 16:03 | Construir | Farm |
| 16:18 | Crear | Villager (Male) |
| 16:18 | Crear | Villager (Male) |
| 16:25 | Construir | Farm |
| 16:26 | Crear | Scorpion |
| 16:26 | Crear | Scorpion |
| 16:55 | Crear | Scorpion |
| 16:56 | Crear | Scorpion |
| 17:08 | Construir | House |
| 17:10 | Crear | Scorpion |
| 17:11 | Crear | Scorpion |
| 17:11 | Crear | Scorpion |
| 17:34 | Crear | Scorpion |
| 17:34 | Crear | Scorpion |
| 17:43 | Crear | Scorpion |
| 17:43 | Crear | Scorpion |
| 17:54 | Construir | House |
| 18:05 | Crear | Scorpion |
| 18:06 | Crear | Scorpion |
| 18:44 | Crear | Scorpion |
| 18:44 | Crear | Scorpion |
| 18:44 | Crear | Scorpion |
| 18:45 | Crear | Scorpion |
| 19:01 | Crear | Scorpion |
| 19:10 | Crear | Villager (Male) |
| 19:23 | Crear | Scorpion |
| 19:24 | Crear | Scorpion |
| 19:24 | Crear | Scorpion |
| 19:29 | Crear | Villager (Male) |
| 19:29 | Crear | Villager (Male) |
| 19:29 | Crear | Villager (Male) |
| 19:41 | Crear | Battering Ram |
| 19:41 | Crear | Battering Ram |
| 19:50 | Crear | Scorpion |
| 19:51 | Crear | Scorpion |
| 19:51 | Crear | Scorpion |
| 19:59 | Construir | House |
| 20:16 | Crear | Scorpion |
| 20:17 | Crear | Scorpion |
| 20:19 | Crear | Villager (Male) |
| 20:19 | Crear | Villager (Male) |
| 20:25 | Construir | House |
| 20:48 | Investigar | Loom |
| 20:50 | Crear | Villager (Male) |
| 20:50 | Crear | Villager (Male) |
| 20:55 | Construir | House |
| 21:20 | Construir | Farm |
| 21:22 | Construir | Farm |
| 21:39 | Crear | Scorpion |
| 21:40 | Crear | Scorpion |
| 21:40 | Crear | Scorpion |
| 21:44 | Crear | Villager (Male) |
| 21:44 | Crear | Villager (Male) |
| 22:03 | Construir | Farm |
| 22:03 | Construir | Farm |
| 22:04 | Construir | Farm |
| 22:04 | Construir | Farm |
| 22:04 | Construir | Farm |
| 22:05 | Construir | Farm |
| 22:05 | Construir | Farm |
| 22:08 | Crear | Villager (Male) |
| 22:09 | Crear | Scorpion |
| 22:09 | Crear | Scorpion |
| 22:49 | Crear | Scorpion |
| 22:49 | Crear | Scorpion |
| 22:50 | Crear | Villager (Male) |
| 22:50 | Crear | Villager (Male) |
| 23:16 | Construir | House |
| 23:18 | Crear | Scorpion |
| 23:18 | Crear | Scorpion |
| 23:18 | Crear | Scorpion |
| 23:19 | Crear | Scorpion |
| 23:38 | Crear | Villager (Male) |
| 23:38 | Crear | Villager (Male) |
| 23:38 | Crear | Villager (Male) |
Cronología de la partida
| 9:21 | TacoLgando · age_up feudal |
| 9:42 | ENTP · age_up feudal |
| 9:43 | PorT_Lobo · age_up feudal |
| 10:30 | ENTP · first_market_sell 100 wood |
| 10:32 | PorT_Oligarva · age_up feudal |
| 10:39 | PorT_Lobo · first_market_sell 100 food |
| 10:56 | 月儿 · age_up feudal |
| 11:32 | PorT_Lithium · age_up feudal |
| 12:08 | PorT_Lithium · first_building Stable |
| 12:10 | zangoç · age_up feudal |
| 13:12 | ENTP · age_up castle |
| 13:21 | PorT_Lobo · age_up castle |
| 13:25 | PorT_Lobo · first_building Siege Workshop |
| 13:31 | PorT_steves · age_up feudal |
| 14:13 | PorT_Lithium · age_up castle |
| 14:27 | 月儿 · age_up castle |
| 14:37 | zangoç · age_up castle |
| 14:45 | zangoç · first_building Castle |
| 14:56 | zangoç · first_building Siege Workshop |
| 15:10 | TacoLgando · age_up castle |
| 15:16 | ENTP · first_market_buy 100 food |
| 15:17 | TacoLgando · first_building Monastery |
| 15:58 | TacoLgando · first_building Siege Workshop |
| 16:07 | TacoLgando · wall_segment Stone Wall x6 |
| 16:13 | PorT_Oligarva · age_up castle |
| 16:41 | TacoLgando · wall_segment Stone Wall x4 |
| 16:52 | TacoLgando · wall_segment Stone Wall x10 |
| 16:55 | ENTP · first_building Barracks |
| 16:58 | TacoLgando · wall_segment Stone Wall x1 |
| 17:03 | zangoç · first_market_buy 100 food |
| 17:11 | PorT_steves · age_up castle |
| 17:36 | ENTP · first_building Stable |
| 18:11 | TacoLgando · wall_segment Palisade Wall x1 |
| 18:13 | TacoLgando · wall_segment Palisade Wall x1 |
| 18:14 | TacoLgando · wall_segment Palisade Wall x1 |
| 18:27 | PorT_steves · first_building Castle |
| 19:01 | PorT_Oligarva · first_building Castle |
| 19:48 | PorT_Oligarva · first_market_buy 100 stone |
| 19:59 | PorT_steves · first_building Siege Workshop |
| 20:24 | zangoç · first_building Barracks |
| 20:25 | TacoLgando · resign |
| 22:19 | PorT_Lobo · tribute_sent a jugador 1 |
| 22:19 | PorT_Lobo · tribute_sent a jugador 2 |
| 22:19 | PorT_Lobo · tribute_sent a jugador 3 |
| 22:19 | PorT_Lobo · tribute_sent a jugador 4 |
| 22:19 | PorT_Lobo · tribute_sent a jugador 5 |
| 22:19 | PorT_Lobo · tribute_sent a jugador 6 |
| 22:19 | PorT_Lobo · tribute_sent a jugador 7 |
| 22:58 | PorT_steves · age_up imperial |
[ ANÁLISIS IA · 1 CRÉDITO ]
¿Qué pasó realmente en esta partida?
Wolo.gg analiza cada decisión: build order, eco, micro, errores típicos por bracket. Análisis personalizado por WhatsApp o Discord en 30 segundos.
Guía civ
Turcos
Perfil
Jugador #501078